 Dungeon Crawl Stone Soup version 0.29.1-15-g9cfb28693d (webtiles) character file.

Game seed: 15094460374605846897

94996 BuddhaDhamma the Axe Maniac (level 15, -18/107 HPs)
             Began as a Minotaur Berserker on Mar 24, 2023.
             Was the Champion of Trog.
             Killed from afar by Erolcha (35 damage)
             ... with a fireball
             ... on level 2 of the Orcish Mines on Mar 27, 2023.
             The game lasted 00:46:49 (19449 turns).

BuddhaDhamma the Axe Maniac (Minotaur Berserker)   Turns: 19449, Time: 00:46:49

Health: -18/107    AC: 42    Str: 34    XL:     15   Next: 65%
Magic:  5/5        EV: 10    Int:  8    God:    Trog [******]
Gold:   2366       SH:  0    Dex: 11    Spells: 14/14 levels left

rFire   . . .      SeeInvis .   M - +7 executioner's axe (freeze)
rCold   . . .      Faith    .   (shield currently unavailable)
rNeg    + + +      Spirit   .   k - +12 chain mail of Light {Slay+3}
rPois   .          Reflect  .   N - +0 hat of the Elven Halls {+Blink rElec Will- MP-9}
rElec   +          Harm     .   R - +2 cloak of the Fresh God {Contam rN+++ Int+4 Slay+2}
rCorr   .          Rampage  +   q - +2 pair of gloves
Will    .....                   X - +2 pair of boots {rampage}
Stlth   ..........              e - amulet of regeneration
HPRegen 1.07/turn               l - +6 ring of strength
MPRegen 0.09/turn               c - +4 ring of protection

@: no status effects
A: horns 2, retaliatory headbutt
a: Renounce Religion, Evoke Blink, Berserk, Trog's Hand, Brothers in Arms


You were on level 2 of the Orcish Mines.
You worshipped Trog.
Trog was exalted by your worship.
You visited 3 branches of the dungeon, and saw 22 of its levels.
You visited the Abyss 1 time.
You also visited: Sewer.

You collected 2938 gold pieces.
You spent 572 gold pieces at shops.

Inventory:

Hand Weapons
 M - a +7 executioner's axe of freezing (weapon)
Missiles
 f - 3 throwing nets (quivered)
Armour
 k - the +12 chain mail of Light (worn) {Slay+3}
   (You found it on level 2 of the Dungeon)

   Slay:      It affects your accuracy & damage with ranged weapons and melee
   (+3).
 q - a +2 pair of gloves (worn)
 N - the +0 hat of the Elven Halls (worn) {+Blink rElec Will- MP-9}
   (You acquired it on level 1 of the Orcish Mines)

   rElec:     It insulates you from electricity.
   MP:        It affects your magic capacity (-9).
   +Blink:    It lets you blink.
   Will:      It decreases your willpower.
 R - the +2 cloak of the Fresh God (worn) {Contam rN+++ Int+4 Slay+2}
   (You acquired it on level 3 of the Lair of Beasts)

   Int:       It affects your intelligence (+4).
   Slay:      It affects your accuracy & damage with ranged weapons and melee
   (+2).
   rN:        It renders you almost immune to negative energy.
   Contam:    It causes magical contamination when unequipped.
 X - a +2 pair of boots of rampaging (worn)
Jewellery
 c - a +4 ring of protection (right hand)
 e - an amulet of regeneration (around neck)
 l - a +6 ring of strength (left hand)
 n - a ring of willpower
 p - a ring of positive energy
 D - a ring of protection from fire
 E - a +4 ring of evasion
 F - a ring of protection from cold
 J - a +6 ring of dexterity
 P - an amulet of guardian spirit
Wands
 y - a wand of charming (15)
 A - a wand of light (15)
 H - a wand of flame (46)
 I - a wand of iceblast (16)
 Q - a wand of digging (7)
 V - a wand of mindburst (9)
Scrolls
 a - 7 scrolls of butterflies
 b - 11 scrolls of teleportation
 g - 9 scrolls of magic mapping
 j - 5 scrolls of blinking
 G - 5 scrolls of silence
 K - 2 scrolls of fear
 L - 4 scrolls of identify
 T - a scroll of immolation
 W - a scroll of summoning
Potions
 h - 3 potions of ambrosia
 m - 5 potions of cancellation
 o - 4 potions of flight
 r - 3 potions of magic
 t - 3 potions of lignification
 u - 5 potions of mutation
 v - 15 potions of curing
 w - 8 potions of might
 x - 5 potions of haste
 z - 3 potions of invisibility
 B - 3 potions of resistance
 C - 2 potions of berserk rage
Miscellaneous
 i - a phial of floods
 s - a lightning rod (4/4)
 U - a phantom mirror


   Skills:
 - Level 3.6 Fighting
 O Level 27 Axes
 + Level 18.3 Armour
 - Level 2.1 Dodging


You had 14 spell levels left.
You didn't know any spells.
Your spell library was empty.

Dungeon Overview and Level Annotations

Branches:
Dungeon (15/15)            Temple (0/1) D:7            Lair (5/5) D:10
 Shoals (0/4) Lair:3       Spider (0/4) Lair:2        Slime (0/5) Lair:4
    Orc (2/2) D:11            Elf (0/3) Orc:2        Vaults (0/5) D:13
 Depths (0/4) D:15          Sewer (visited)

Altars:
Ashenzari
Cheibriados
Dithmenos
Elyvilon
Fedhas
Gozag
Hepliaklqana
Kikubaaqudgha
Makhleb
Nemelex Xobeh
Okawaru
Qazlal
Sif Muna
Trog
Vehumet
Wu Jian
Xom
Yredelemnul
Jiyva

Shops:
D:14 =   Orc:1 ?   Orc:2 =[

Annotations:
Lair:4 exclusion: oklob plant
Lair:5 exclusion: 4 oklob plants
Orc:2 Erolcha


Innate Abilities, Weirdness & Mutations

You have a pair of horns on your head.
You reflexively headbutt those who attack you in melee.


Message History

Trog accepts your kill.
The rakshasa shimmers and vanishes! x2
You are engulfed in a cloud of scalding steam.
You feel the corruption within you wane completely.
You feel a little healthier.
You feel healthier.
You are engulfed in a cloud of scalding steam.
There is a gateway leading out of the Abyss here.
Things that are here:
a +0 whip; a +0 robe You are engulfed in a cloud of scalding steam.
The smoke demon gestures at you. Something smites you!
There is a gateway leading out of the Abyss here.
Things that are here:
a +0 whip; a +0 robe The smoke demon gestures at you.
Something smites you!
* * * LOW HITPOINT WARNING * * *
The smoke demon gestures at you. Something smites you!
* * * LOW HITPOINT WARNING * * *
You slash the smoke demon! You freeze the smoke demon.
The smoke demon is moderately wounded.
The smoke demon hits you but does no damage. x3
You slice the smoke demon!! You freeze the smoke demon.
Your headbutt misses the smoke demon.
The smoke demon is almost dead.
The smoke demon closely misses you. You furiously retaliate!
You headbutt the smoke demon.
You kill the smoke demon!
Trog accepts your kill.
There is a gateway leading out of the Abyss here.
Things that are here:
a +0 whip; a +0 robe You pass through the gate.
Welcome back to the Orcish Mines!
Level annotation: Erolcha Erolcha casts a spell at you.
The fireball explodes!
The fireball engulfs you!!
You die...

§≈≈## ≈≈≈≈# ..8###
§≈### ...._# §§#
.....#. ≈## .....8. ≈#
#..≈# ....... ≈##
≈..§§#####...O..# ≈≈#
....§#≈≈≈[[....# #≈###
....≈#..[@[...#
#≈≈≈####...≈#8...≈≈..#
§§§§≈≈≈....≈#...##≈..#
...........§#...# ≈..+
........8..§#∩..# §..+
.§..§§.....≈#...# ≈..+
§§≈≈§§≈..§.≈#...##≈..#
#≈≈≈####)§.≈#8...≈≈..#
#≈###....§.§#........##


You could see Erolcha.

Vanquished Creatures
  A tentacled starspawn (Abyss:3)
  2 fire dragons (D:15)
  Josephine (Lair:4)
  A vault guard (D:13)
  9 hydras
  3 boulder beetles
  4 catoblepae
  A merfolk avatar (Lair:5)
  2 rakshasas (Abyss:3)
  An ogre mage (Orc:2)
  6 centaur warriors
  2 two-headed ogres
  3 hell hogs (Abyss:3)
  A sun demon (D:13)
  A thrashing horror (Abyss:3)
  2 wretched stars (Abyss:3)
  The ghost of Lysca the Summoner, a novice FoSu of Gozag (D:7)
  A large abomination (Abyss:3)
  A sixfirhy (Abyss:3)
  A shadow demon (Abyss:3)
  An obsidian statue (D:13)
  2 deep elf pyromancers
  A wizard (D:15)
  3 orc knights
  2 harpies (Lair:5)
  5 ugly things
  8 orc sorcerers
  3 cyclopes
  A salamander (shapeshifter) (D:13)
  5 manticores
  Maurice (Orc:1)
  2 worldbinders (Abyss:3)
  4 black mambas
  19 elephants
  A guardian serpent (Abyss:3)
  A gargoyle (D:12)
  A smoke demon (Abyss:3)
  An elephant (shapeshifter) (D:15)
  15 cane toads
  2 orange demons (D:13)
  6 kobold demonologists
  An unseen horror (D:12)
  Maggie (D:6)
  An ice devil (D:13)
  A freezing wraith (D:13)
  2 rime drakes
  2 efreet (D:13)
  9 komodo dragons
  4 trolls
  4 polar bears
  A queen bee (shapeshifter) (D:15)
  3 meliai (D:15)
  2 wind drakes (Lair:5)
  Grinder (D:3)
  2 hornets (Lair:5)
  A raiju (Abyss:3)
  Prince Ribbit (D:9)
  7 slime creatures
  7 dream sheep (Lair:5)
  22 blink frogs
  A small abomination (Abyss:3)
  A vampire (D:10)
  A centaur simulacrum (D:15)
  5 wyverns
  9 wraiths
  A ynoxinul (Abyss:3)
  A hog (shapeshifter) (D:13)
  40 yaks
  3 steam dragons
  14 basilisks
  3 wargs
  A chaos spawn (Abyss:3)
  10 vampire mosquitoes
  3 acid dragons
  26 water moccasins
  A floating eye (Lair:5)
  A sky beast (D:6)
  16 orc warriors
  A black bear (D:7)
  A boggart (D:14)
  10 ogres
  21 wolves
  6 centaurs
  A phantom (D:5)
  7 kobold brigands
  6 bullfrogs
  3 gnoll sergeants
  6 necrophages (Lair:3)
  2 scorpions
  8 wights
  3 killer bees (D:11)
  A howler monkey (D:6)
  3 quasits (D:13)
  2 crimson imps (D:13)
  2 hounds
  Crazy Yiuf (D:2)
  16 orc priests
  2 iguanas
  A jelly (D:5)
  An iron imp (D:13)
  34 orc wizards
  10 adders
  16 gnolls
  A shadow imp (D:7)
  A white imp (D:6)
  2 worms (D:4)
  2 dart slugs
  68 orcs
  8 ball pythons
  11 bats
  11 endoplasms
  7 giant cockroaches
  9 goblins
  5 hobgoblins
  2 jackals (D:4)
  19 kobolds
  5 quokkas
  5 frilled lizards
  5 rats
  A spectral orc (D:15)
  2 starspawn tentacles (Abyss:3)
665 creatures vanquished.

Vanquished Creatures (collateral kills)
  2 kobolds (D:12)
2 creatures vanquished.

Vanquished Creatures (others)
  A ynoxinul (D:13)
  A white imp (D:13)
  2 ufetubi (D:13)
  28 fungi
  41 plants
  A starspawn tentacle (Abyss:3)
  6 withered plants (D:6)
80 creatures vanquished.

Grand Total: 747 creatures vanquished

Notes
Turn   | Place    | Note
-------+----------+-------------------------------------------
     0 | D:1      | BuddhaDhamma the Minotaur Berserker began the quest for the
                  | Orb.
     0 | D:1      | Reached XP level 1. HP: 19/19 MP: 0/0
   150 | D:1      | Reached skill level 4 in Axes
   168 | D:1      | Reached XP level 2. HP: 26/26 MP: 1/1
   659 | D:1      | Reached ** piety under Trog
   827 | D:1      | Reached skill level 5 in Axes
   995 | D:2      | Identified the +12 chain mail of Light {Slay+3}
  1089 | D:2      | Reached XP level 3. HP: 31/31 MP: 0/2
  1200 | D:2      | Found a faded altar of an unknown god.
  1340 | D:2      | Reached XP level 4. HP: 39/39 MP: 1/3
  1349 | D:2      | Reached skill level 6 in Axes
  1743 | D:2      | Found a runed translucent door.
  1744 | D:2      | Noticed Crazy Yiuf
  1750 | D:2      | Killed Crazy Yiuf
  2026 | D:3      | Reached XP level 5. HP: 42/45 MP: 1/4
  2033 | D:3      | Reached skill level 7 in Axes
  2153 | D:3      | Noticed Grinder
  2155 | D:3      | Paralysed by Grinder for 4 turns
  2179 | D:3      | Killed Grinder
  2180 | D:3      | Reached skill level 8 in Axes
  2180 | D:3      | Reached XP level 6. HP: 34/51 MP: 1/5
  2454 | D:4      | Found a glowing drain.
  2474 | D:4      | Reached *** piety under Trog
  2481 | Sewer    | Entered a sewer
  2514 | Sewer    | Reached skill level 9 in Axes
  2900 | Sewer    | Reached XP level 7. HP: 50/57 MP: 2/6
  2960 | Sewer    | Reached skill level 10 in Axes
  3339 | D:4      | Found an iron altar of Okawaru.
  3877 | D:5      | Entered Level 5 of the Dungeon
  3996 | D:5      | Reached skill level 11 in Axes
  4026 | D:5      | Found a white marble altar of Elyvilon.
  4067 | D:5      | Found a hazy altar of Hepliaklqana.
  4086 | D:5      | Found a stormy altar of Qazlal.
  4275 | D:6      | Found an ornate altar of the Wu Jian Council.
  4292 | D:6      | Reached **** piety under Trog
  4354 | D:6      | Reached XP level 8. HP: 53/64 MP: 2/7
  4361 | D:6      | Reached skill level 12 in Axes
  4996 | D:6      | Noticed Maggie
  5004 | D:6      | Killed Maggie
  5005 | D:6      | Reached skill level 13 in Axes
  5582 | D:6      | Reached skill level 14 in Axes
  5596 | D:6      | Found an ancient bone altar of Kikubaaqudgha.
  5599 | D:6      | Found a blossoming altar of Fedhas.
  5668 | D:7      | Noticed Lysca's ghost (novice FoSu)
  5668 | D:7      | Found a transporter.
  5673 | D:7      | Found a transporter.
  5816 | D:7      | Found a staircase to the Ecumenical Temple.
  5858 | D:7      | Reached XP level 9. HP: 70/70 MP: 8/8
  5878 | D:7      | Found a shimmering altar of Xom.
  6175 | D:7      | Reached skill level 15 in Axes
  6176 | D:7      | Killed Lysca's ghost
  6449 | D:8      | Reached skill level 16 in Axes
  7298 | D:9      | Reached skill level 17 in Axes
  7298 | D:9      | Reached XP level 10. HP: 77/77 MP: 9/9
  7781 | D:9      | Noticed Prince Ribbit
  7785 | D:9      | Killed Prince Ribbit
  8024 | D:9      | Found a burning altar of Makhleb.
  8058 | D:10     | Entered Level 10 of the Dungeon
  8060 | D:10     | Found a staircase to the Lair.
  8072 | D:10     | Reached skill level 18 in Axes
  8143 | D:10     | Found an opulent altar of Gozag.
  8145 | D:10     | Found a sparkling altar of Nemelex Xobeh.
  8149 | D:10     | Found a snail-covered altar of Cheibriados.
  8149 | D:10     | Found a broken altar of Ashenzari.
  8149 | D:10     | Found a basalt altar of Yredelemnul.
  8149 | D:10     | Found a shimmering blue altar of Sif Muna.
  8150 | D:10     | Found a bloodstained altar of Trog.
  8268 | D:10     | Reached skill level 19 in Axes
  8275 | D:10     | Reached ***** piety under Trog
  8553 | D:10     | Noticed an orange demon
  8553 | D:10     | Noticed a cyclops
  8567 | D:10     | Killed a cyclops
  8568 | D:10     | Reached XP level 11. HP: 74/82 MP: 10/10
  9028 | D:11     | Reached skill level 20 in Axes
  9342 | D:11     | Received a gift from Trog
  9346 | D:11     | Found a staircase to the Orcish Mines.
  9397 | D:11     | Noticed a two-headed ogre
  9404 | D:11     | Killed a two-headed ogre
  9418 | D:11     | Reached skill level 21 in Axes
  9797 | D:11     | Noticed a seven-headed hydra
  9806 | D:11     | Killed a 12-headed hydra
 10085 | D:12     | Noticed a red ugly thing
 10091 | D:12     | Killed a red ugly thing
 10121 | D:12     | Reached skill level 22 in Axes
 10325 | D:12     | Reached XP level 12. HP: 76/90 MP: 11/11
 10524 | D:12     | Noticed a two-headed ogre
 10531 | D:12     | Killed a two-headed ogre
 10912 | D:12     | Identified the +0 dagger of Overwhelming Force {antimagic,
                  | Dex+3}
 11547 | Lair:1   | Entered Level 1 of the Lair of Beasts
 11627 | Lair:1   | Reached skill level 23 in Axes
 11916 | Lair:1   | Reached skill level 24 in Axes
 12411 | Lair:2   | Found a hole to the Spider Nest.
 12534 | Lair:2   | Noticed a catoblepas
 12540 | Lair:2   | Killed a catoblepas
 12702 | Lair:2   | Noticed a five-headed hydra
 12710 | Lair:2   | Killed a nine-headed hydra
 13120 | Lair:3   | Reached skill level 25 in Axes
 13120 | Lair:3   | Reached XP level 13. HP: 95/95 MP: 12/12
 13335 | Lair:3   | Found a transporter.
 13349 | Lair:3   | Found a transporter.
 13734 | Lair:3   | Found a staircase to the Shoals.
 14044 | Lair:3   | Identified a scroll of acquirement
 14046 | Lair:3   | Acquired the +2 cloak of the Fresh God {Contam rN+++ Int+4
                  | Slay+2}
 14091 | Lair:4   | Received a gift from Trog
 14166 | Lair:4   | Reached skill level 26 in Axes
 14176 | Lair:4   | Noticed Josephine
 14186 | Lair:4   | Killed Josephine
 14310 | Lair:4   | Found a shadowy altar of Dithmenos.
 14340 | Lair:4   | Reached ****** piety under Trog
 14360 | Lair:4   | Found a viscous altar of Jiyva.
 14361 | Lair:4   | Found a staircase to the Slime Pits.
 14907 | Lair:5   | Entered Level 5 of the Lair of Beasts
 14941 | Lair:5   | Reached skill level 27 in Axes
 15095 | Lair:5   | Reached skill level 5 in Armour
 15112 | Lair:5   | Reached XP level 14. HP: 102/102 MP: 13/13
 15114 | Lair:5   | Received a gift from Trog
 15416 | Lair:5   | Reached skill level 10 in Armour
 15548 | Lair:5   | Identified the +0 leather armour of the Final Ears {rN+
                  | MP+9 Dex+2}
 16441 | D:13     | Found a gate to the Vaults.
 16658 | D:13     | Received a gift from Trog
 17078 | D:14     | Found Naang's Jewellery Shop.
 17284 | D:15     | Entered Level 15 of the Dungeon
 17293 | D:15     | Reached XP level 15. HP: 107/107 MP: 14/14
 17581 | D:15     | Reached skill level 15 in Armour
 17748 | D:15     | Found a staircase to the Depths.
 18132 | D:15     | Found a basalt altar of Yredelemnul.
 18366 | Orc:1    | Entered Level 1 of the Orcish Mines
 18367 | Orc:1    | Received a gift from Trog
 18403 | Orc:1    | Found Kiloust's Magic Scroll Shoppe.
 18423 | Orc:1    | Bought a scroll of acquirement for 572 gold pieces
 18423 | Orc:1    | Acquired the +0 hat of the Elven Halls {+Blink rElec Will-
                  | MP-9}
 18626 | Orc:1    | Noticed Maurice
 18630 | Orc:1    | Killed Maurice
 18754 | Orc:2    | Entered Level 2 of the Orcish Mines
 18754 | Orc:2    | Found a staircase to the Elven Halls.
 19046 | Orc:2    | Paralysed by an orc sorcerer for 3 turns
 19049 | Orc:2    | Identified the +6 battleaxe "Tonouro" {flame, Will+ rCorr
                  | Str-3} (Trog gifted it to you on level 2 of the Orcish
                  | Mines)
 19049 | Orc:2    | Received a gift from Trog
 19068 | Orc:2    | Found Ded Qakh's Jewellery Shop.
 19088 | Orc:2    | Found an ancient bone altar of Kikubaaqudgha.
 19135 | Orc:2    | Found Guseusku's Antique Armour Shop.
 19144 | Orc:2    | Noticed Erolcha
 19145 | Orc:2    | Found a radiant altar of Vehumet.
 19147 | Orc:2    | Paralysed by an orc sorcerer for 3 turns
 19154 | Abyss:2  | Cast into level 2 of the Abyss (Erolcha)
 19167 | Abyss:3  | Found a corrupted altar of Lugonu.
 19347 | Abyss:3  | Noticed a tentacled starspawn
 19355 | Abyss:3  | Killed a tentacled starspawn
 19449 | Orc:2    | Escaped the Abyss
 19449 | Orc:2    | Killed from afar by Erolcha

Illustrated notes

Levels and vault maps discovered:
D:1:      denvon_arrival_planthouse, layout_loops_ring
D:2:      minmay_general_purpose_star, layout_loops_ring,
          nicolae_ecumenical_pavilion, uniq_crazy_yiuf_cottage
D:3:      layout_rooms, uniq_grinder
D:4:      layout_loops_corners, mainiacjoe_overflow_surrounded_room,
          nicolae_ossuary_entry_ruins, cheibrodos_sewer_entry_drain
D:5:      layout_rooms, general_overflow_altar, kennysheep_little_box,
          mainiacjoe_overflow_concentric_impassable
D:6:      layout_loops_corners, grunt_temple_overflow_growth_and_decay,
          mainiacjoe_overflow_chevrons, uniq_maggie
D:7:      wander_river, layout_gridville, nicolae_overflow_hidden_temple,
          minmay_temple_entry_sparse_star, gammafunk_ghost_smash,
          eino_small_chamber_without_monster, minmay_misc_feat_enclosed,
          hangedman_decor_points
D:8:      layout_rooms
D:9:      layout_irregular_city, mainiacjoe_overflow_alcove_4,
          amcnicky_mini_corridor_feature, uniq_prince_ribbit1
D:10:     minmay_evil_eye, layout_basic, grunt_temple_overflow_open,
          minmay_lair_entry_grove, kennysheep_another_room, minmay_orc_keep
D:11:     layout_grid_maze, david_orc_2
D:12:     layout_layer_cave, dk_vineyard_1, minmay_puff
D:13:     layout_small_grid, david_vaults_5, minivault_1,
          hangedman_devilish_allure
D:14:     layout_cave_pools, special_room [special_room_orc], serial_shops,
          nicolae_shop_hallway_plus, kennysheep_crisscross, st_stairs_1
D:15:     grunt_enter_depths_hoard, layout_cave_pods, chequers_avenue,
          minmay_door_square, grunt_decor_mini_mirrors,
          yredelemnul_forgotten_temple_becter
Lair:1:   layout_chaotic_city, wad_woods_river_03
Lair:2:   layout_loops_ring, spider_nest_entry_web_field, lemuel_fruit_tree,
          grunt_megastairs_3, serial_bayou_shore_b
Lair:3:   gammafunk_boulding_lane, layout_regular_city,
          elwin_shoals_entry_rooms, hangedman_lair_unloving_vines,
          chequers_serial_rivers_micro_a, roderic_carrion_pond
Lair:4:   layout_gridlike, dpeg_slime_entry_enclosed, lemuel_oklob_altar,
          infiniplex_staircase_pool_2, grunt_megastairs_2, uniq_josephine
Lair:5:   gammafunk_lair_ancient_temple, layout_regular_city, disabler_island
Orc:1:    layout_diamond_mine, serial_shops, nicolae_shop_trees,
          minmay_orc_temple_a, uniq_maurice
Orc:2:    kennysheep_orc_mage_school, layout_caves, basic_altar

Skill      XL: |  1  2  3  4  5  6  7  8  9 10 11 12 13 14 15 |
---------------+----------------------------------------------+-----
Axes           | 4 5 6 8 9 11 14 17 19 22 25 27 | 27.0
Armour         | 6 14 18 | 18.3
Fighting       | |  3.6
Dodging        | |  2.1

Action                   |  1- 3 |  4- 6 |  7- 9 | 10-12 | 13-15 || total
-------------------------+-------+-------+-------+-------+-------++-------
Melee: Hand axe          |    67 |   100 |    74 |       |       ||   241
       Headbutt          |     6 |    14 |    29 |    67 |   127 ||   243
       Punch             |     1 |       |       |       |       ||     1
       Battleaxe         |       |       |    99 |   282 |    58 ||   439
       Executioner's axe |       |       |       |       |   562 ||   562
Throw: Throwing net      |     1 |     1 |     1 |       |     2 ||     5
Invok: Berserk           |       |     2 |     4 |     2 |     6 ||    14
       Brothers in Arms  |       |       |       |     1 |       ||     1
  Use: Potion            |       |     1 |       |       |    10 ||    11
       Scroll            |       |       |    21 |     9 |    13 ||    43
 Stab: Distracted        |       |       |       |     6 |     1 ||     7
Armor: Chain mail        |    37 |    63 |   126 |   207 |   462 ||   895
Dodge: Dodged            |    43 |    37 |    76 |    98 |   242 ||   496
